 Dungeon Crawl Stone Soup version 0.18-a0-1577-gf591c28 (webtiles) character file.

637 M4edhros the Ducker (level 7, 0/46 HPs)
             Began as an Octopode Wanderer on Mar 18, 2016.
             Succumbed to a worker ant's poison
             ... on level 4 of the Dungeon.
             The game lasted 00:04:56 (3094 turns).

M4edhros the Ducker (Octopode Wanderer)             Turns: 3094, Time: 00:04:57

Health: 0/46       AC:  1    Str: 13    XL:     7   Next: 50%
Magic:  7/7        EV: 15    Int: 15    God:
Gold:   139        SH:  0    Dex: 11    Spells: 0 memorised, 6 levels left

rFire  + . .     SeeInvis .     j - +0 dagger (elec)
rCold  + . .     Gourm    .     (no shield)
rNeg   . . .     Faith    .     n - +0 hat
rPois  +         Spirit   .     (no amulet)
rElec  +         Dismiss  .     (no ring)
rCorr  +         Reflect  .     (no ring)
SustAt .         Harm     .     (no ring)
MR     .....                    (no ring)
Stlth  +++.......               (no ring)
                                (no ring)
                                (no ring)
                                (no ring)

@: lethally poisoned (0 -> -2), resistant, not resistant to hostile
enchantments, fairly stealthy
A: almost no armour, amphibious, 8 rings, constrict 8, camouflage 1, gelatinous
body 1
a: no special abilities


You were on level 4 of the Dungeon.
You were hungry.

You visited 1 branch of the dungeon, and saw 4 of its levels.

You collected 139 gold pieces.

Inventory:

Hand Weapons
 a - a +2 dagger
 j - a +0 dagger of electrocution (weapon)
 q - a cursed -2 hunting sling
Missiles
 c - 47 stones (quivered)
Armour
 n - a +0 hat (worn)
Scrolls
 b - a scroll of remove curse {unknown}
 e - 2 scrolls of fog {unknown}
 g - 2 scrolls of magic mapping {unknown}
 h - 2 scrolls of amnesia {unknown}
 i - a scroll of identify {unknown}
 l - 2 scrolls of immolation {unknown}
 o - 2 scrolls of teleportation {unknown}
Potions
 k - a potion of degeneration
Comestibles
 f - 4 bread rations
 p - a meat ration


   Skills:
 - Level 3.3 Fighting
 - Level 1.6 Short Blades
   Level 4.0 Polearms
 + Level 7.3 Dodging
 - Level 2.6 Stealth
   Level 1.1 Evocations


You had 6 spell levels left.
You didn't know any spells.

Dungeon Overview and Level Annotations

Branches:
Dungeon (4/15)
 Temple: D:4-7

Altars:
Dithmenos
Okawaru
Ru
Trog
The Shining One

Annotations:
D:4 Dowan, Duvessa


Innate Abilities, Weirdness & Mutations

You cannot wear most types of armour.
You are amphibious.
You can wear up to eight rings at the same time.
You can use your tentacles to constrict eight enemies at once.
Your skin changes colour to match your surroundings (Stealth).
Your rubbery body absorbs attacks (AC +1).


Message History

You hit Duvessa but do no damage.
Duvessa is heavily wounded.
You constrict Duvessa.
You feel sick.
Dowan mumbles some strange words.
Dowan blinks!
You hit Duvessa.
Duvessa is heavily wounded.
You constrict Duvessa. Duvessa barely misses you.
You hit Duvessa but do no damage.
Duvessa is severely wounded.
You constrict Duvessa. Duvessa hits you with a short sword.
* * * LOW HITPOINT WARNING * * *
You hit Duvessa but do no damage.
Duvessa is severely wounded.
You constrict Duvessa. Duvessa hits you with a short sword.
* * * LOW HITPOINT WARNING * * *
You hit Duvessa but do no damage.
Duvessa is almost dead.
You constrict Duvessa.
You die...

.# #......... ##
#......... # #.........
# #......... # #.
#e..)..... ##
###.###......... .###
#.......#####.##
...#######....##e# .#
........##.... #@# .
......#.##...# #†#
........##...###.######
#....#..##..............
........####.###.#######
.#..#........# #...
........###### #.....
..##.....#.# #.......
.........#.. ........


You could see Duvessa and Dowan.

Vanquished Creatures
  The ghost of Hilldric the Cudgeler, an amateur OgFi (D:3)
  Sigmund (D:3)
  A centaur (D:4)
  An orc priest (D:3)
  Jessica (D:3)
  2 worker ants (D:4)
  7 adders
  8 worms
  A dart slug (D:1)
  2 giant geckos
  7 orcs
  10 bats
  3 giant cockroaches
  5 hobgoblins
  4 jackals (D:1)
  2 quokkas (D:2)
  A ball python (D:3)
  2 giant newts (D:2)
  6 kobolds
  7 rats
72 creatures vanquished.

Notes
Turn   | Place    | Note
--------------------------------------------------------------
     0 | D:1      | M4edhros the Octopode Wanderer began the quest for the Orb.
     0 | D:1      | M4edhros set off with: a +2 dagger, a potion of haste, a potion of lignification, a +0 spear, a bread ration
     0 | D:1      | Reached XP level 1. HP: 16/16 MP: 1/1
    52 | D:1      | Reached XP level 2. HP: 17/21 MP: 2/2
   590 | D:2      | Reached XP level 3. HP: 26/26 MP: 3/3
   654 | D:2      | Reached skill level 1 in Dodging
   779 | D:2      | Reached skill level 2 in Dodging
   798 | D:2      | Reached XP level 4. HP: 25/31 MP: 4/4
  1270 | D:2      | Found an iron altar of Okawaru.
  1271 | D:2      | Found a bloodstained altar of Trog.
  1424 | D:2      | Found a shadowy altar of Dithmenos.
  1425 | D:2      | Found a glowing golden altar of the Shining One.
  1572 | D:3      | Noticed a phantom
  1605 | D:3      | Noticed Jessica
  1618 | D:3      | Killed Jessica
  1618 | D:3      | Reached skill level 3 in Dodging
  1765 | D:3      | Noticed Sigmund
  1772 | D:3      | Killed Sigmund
  1772 | D:3      | Reached skill level 5 in Dodging
  1772 | D:3      | Reached XP level 5. HP: 19/36 MP: 5/5
  1772 | D:3      | Reached XP level 6. HP: 22/42 MP: 6/6
  2217 | D:3      | Noticed Hilldric's ghost (amateur OgFi)
  2247 | D:3      | Killed Hilldric's ghost
  2247 | D:3      | Reached skill level 6 in Dodging
  2247 | D:3      | Reached XP level 7. HP: 27/46 MP: 7/7
  2737 | D:4      | Found a sacrificial altar of Ru.
  2776 | D:4      | Reached skill level 7 in Dodging
  3060 | D:4      | Noticed Duvessa
  3074 | D:4      | Noticed Dowan
  3092 | D:4      | HP: 2/46 [Duvessa/short sword (1)]
  3094 | D:4      | Succumbed to a worker ant's poison

Vault maps used:
D:1:      dpeg_arrival_tiny_f, minmay_cupped
D:2:      nicolae_overflow_hidden_temple, minmay_bad_closet,
          hangedman_glass_teeth
D:3:      corexii_corridor_pit, saegor_snake_ambush, uniq_sigmund, uniq_jessica
D:4:      nicolae_ru_awakened_eye, first_bread, minmay_misc_feat_more_columns,
          uniq_duvessa

Skill      XL: |  1  2  3  4  5  6  7 |
---------------+----------------------+-----
Stealth        | 2 |  2.6
Dodging        | 2 5 6 7 |  7.3
Fighting       | |  3.3
Short Blades   | |  1.6
Polearms       | |  4.0
Evocations     | |  1.1

Action                   |  1- 3 |  4- 6 |  7- 9 || total
-------------------------+-------+-------+-------++-------
Melee: Dagger            |    59 |    89 |    46 ||   194
  Use: Potion            |     1 |     7 |     2 ||    10
 Stab: Sleeping          |    14 |     8 |     4 ||    26
  Eat: Chunk             |       |     4 |     3 ||     7
